 Dungeon Crawl Stone Soup version 0.21.1-1-g345015f (webtiles) character file.

1001 Fang the Chopper (level 8, -10/50 HPs)
             Began as a Gargoyle Berserker on May 14, 2018.
             Was an Elder of Trog.
             Killed by divine providence
             ... invoked by an orc priest
              (13 damage)
             ... on level 4 of the Dungeon.
             The game lasted 00:06:54 (3885 turns).

Fang the Chopper (Gargoyle Berserker)               Turns: 3885, Time: 00:06:55

Health: -10/50     AC:  8    Str: 23    XL:     8   Next: 20%
Magic:  8/8        EV: 13    Int:  8    God:    Trog [****..]
Gold:   177        SH:  0    Dex:  9    Spells: 7/7 levels left

rFire    . . .     SeeInvis .   a - +0 hand axe
rCold    + . .     Gourm    .   (no shield)
rNeg     + . .     Faith    .   b - +1 animal skin
rPois    ∞         Spirit   .   (no helmet)
rElec    +         Reflect  .   (no cloak)
rCorr    .         Harm     .   (no gloves)
MR       .....                  (no boots)
Stlth    ++........             (no amulet)
HPRegen  0.16/turn              g - ring of protection from cold
MPRegen  0.11/turn              (no ring)

@: berserk cooldown, very slightly contaminated, slowed, invisible, very slow
A: negative energy resistance 1, electricity resistance, unbreathing,
petrification resistance, rot immunity, AC +5
a: Berserk, Trog's Hand, Brothers in Arms, Burn Spellbooks, Renounce Religion


You were on level 4 of the Dungeon.
You worshipped Trog.
Trog was greatly pleased with you.
You were very hungry.

You visited 1 branch of the dungeon, and saw 4 of its levels.

You collected 243 gold pieces.
You spent 66 gold pieces at shops.

Inventory:

Hand Weapons
 a - a +0 hand axe (weapon)
Armour
 b - a +1 animal skin (worn)
Jewellery
 g - a ring of protection from cold (left hand)
Wands
 d - a wand of flame (10)
Potions
 e - 2 potions of haste
 h - a potion of mutation
 i - 2 potions of curing
 l - a potion of magic
 m - a potion of agility
 o - a potion of lignification
 p - a potion of cancellation
Comestibles
 c - 2 rations
 f - 7 chunks of flesh


   Skills:
 + Level 5.4 Fighting
 + Level 6.7 Axes
 + Level 2.4 Armour
 + Level 3.7 Dodging
 + Level 2.4 Stealth


You had 7 spell levels left.
You didn't know any spells.

Dungeon Overview and Level Annotations

Branches:
Dungeon (4/15)
 Temple: D:4-7

Altars:
Dithmenos

Shops:
D:4 ?

Annotations:
D:4 Blork the orc


Innate Abilities, Weirdness & Mutations

You are resistant to torment.
Your stone body is resilient. (AC +5)
You are immune to poison.
You resist negative energy. (rN+)
You are resistant to electric shocks. (rElec)
You can survive without breathing.
You are immune to petrification.
You are immune to rotting.


Message History

You miss the orc wizard.
The orc wizard is heavily wounded.
You completely miss the orc priest. You closely miss the orc.
The orc wizard misses you. The orc wizard barely misses you.
The orc priest misses you. The orc barely misses you.
The orc wizard points at you and mumbles some strange words.
The puff of frost misses you.
You catch the helpless orc wizard completely off-guard!
You hit the orc wizard but do no damage.
The orc wizard is heavily wounded.
You hit the orc priest but do no damage.
You hit the orc.
You kill the orc!
Trog accepts your kill.
The orc wizard hits you but does no damage.
The orc priest barely misses you.
The orc wizard looks encouraged for a moment.
The orc priest mumbles some strange prayers to Beogh against you.
Beogh smites you!
You die...

.#########
.##......#...#.. .##
.............#... ..
........#....'... ..
####'#####..##..# .#
####.<..##..##>.##.###..
8.##....†...#...........
..#'........#..o.)......
.)####..##).##.o@#
..####..##..##.o.######
..#......)...)........#
..#..%...)............#
8.#..................##
###..................#
#.....................#
###########.###..##...#
# #.# ##'# ...#


You could see Blork the orc (wandering), an orc priest and an orc wizard.

Vanquished Creatures
  The ghost of Gaia the Shooter, an amateur DrHu of Makhleb (D:4)
  The ghost of korthal the Ducker, an amateur KoAM (D:3)
  Menkaure (D:4)
  A phantom (D:4)
  An ogre (D:4)
  2 worker ants (D:4)
  An orc wizard (D:4)
  Terence (D:3)
  A hound skeleton (D:4)
  Robin (D:4)
  12 gnolls
  2 adders (D:4)
  2 oozes (D:1)
  2 worms
  3 dart slugs
  5 leopard geckos
  4 orcs (D:4)
  6 giant cockroaches
  24 goblins
  12 hobgoblins
  2 jackals (D:4)
  4 kobolds
  9 bats
  5 frilled lizards
  9 rats
112 creatures vanquished.

Vanquished Creatures (others)
  An orc (D:4)
1 creature vanquished.

Grand Total: 113 creatures vanquished

Notes
Turn   | Place    | Note
-------+----------+-------------------------------------------
     0 | D:1      | Fang the Gargoyle Berserker began the quest for the Orb.
     0 | D:1      | Reached XP level 1. HP: 14/14 MP: 1/1
   233 | D:1      | Reached XP level 2. HP: 19/19 MP: 2/2
   262 | D:1      | Reached skill level 3 in Axes
   450 | D:1      | Reached XP level 3. HP: 18/24 MP: 3/3
   577 | D:1      | Reached ** piety under Trog
   803 | D:2      | Reached XP level 4. HP: 29/29 MP: 4/4
   875 | D:2      | Found a faded altar of an unknown god.
  1306 | D:3      | Noticed korthal's ghost (amateur KoAM)
  1323 | D:3      | Killed korthal's ghost
  1323 | D:3      | Reached skill level 4 in Axes
  1323 | D:3      | Reached skill level 1 in Stealth
  1323 | D:3      | Reached XP level 5. HP: 34/34 MP: 5/5
  1323 | D:3      | Reached XP level 6. HP: 39/39 MP: 6/6
  1389 | D:3      | Found a shadowy altar of Dithmenos.
  1398 | D:3      | Noticed Terence
  1410 | D:3      | Killed Terence
  1577 | D:3      | Reached skill level 5 in Axes
  1727 | D:3      | Reached *** piety under Trog
  2261 | D:4      | Noticed a phantom
  2794 | D:4      | Killed a phantom
  2794 | D:4      | Reached XP level 7. HP: 35/44 MP: 7/7
  2905 | D:4      | Found Mechow's Magic Scroll Boutique.
  2962 | D:4      | Noticed Gaia's ghost (amateur DrHu)
  3151 | D:4      | Killed Gaia's ghost
  3151 | D:4      | Reached skill level 5 in Fighting
  3151 | D:4      | Reached skill level 6 in Axes
  3461 | D:4      | Bought a scroll of identify for 22 gold pieces
  3461 | D:4      | Bought a scroll of identify for 22 gold pieces
  3461 | D:4      | Bought a scroll of identify for 22 gold pieces
  3507 | D:4      | Noticed Menkaure
  3516 | D:4      | Killed Menkaure
  3516 | D:4      | Reached XP level 8. HP: 47/49 MP: 8/8
  3689 | D:4      | Noticed Robin
  3704 | D:4      | Killed Robin
  3858 | D:4      | Reached **** piety under Trog
  3876 | D:4      | Noticed Blork the orc
  3885 | D:4      | Killed from afar by an orc priest

Skill      XL: |  1  2  3  4  5  6  7 |
---------------+----------------------+-----
Axes           | 3 4 5 6 |  6.7
Fighting       | 4 5 |  5.4
Dodging        | 2 3 |  3.7
Stealth        | 1 2 |  2.4
Armour         | |  2.4

Action                   |  1- 3 |  4- 6 |  7- 9 || total
-------------------------+-------+-------+-------++-------
Melee: Hand axe          |   106 |   139 |   130 ||   375
Invok: Berserk           |     1 |     4 |     4 ||     9
  Use: Scroll            |       |       |    12 ||    12
       Potion            |       |       |     2 ||     2
 Stab: Sleeping          |     1 |       |       ||     1
       Invisible         |       |       |     4 ||     4
  Eat: Chunk             |       |     7 |     7 ||    14
       Ration            |       |     1 |       ||     1
Armor: Animal skin       |    34 |    28 |    44 ||   106
Dodge: Dodged            |    61 |    86 |   100 ||   247
